 Dungeon Crawl Stone Soup version 0.27.1-1-g398f81649c (webtiles) character file.

Game seed: 7568554102698905860

128 greenlake the Skirmisher (level 4, -2/40 HPs)
             Began as a Draconian Fighter on Sept 11, 2021.
             Succumbed to an orc's poison
             ... on level 3 of the Dungeon.
             The game lasted 00:06:46 (2756 turns).

greenlake the Skirmisher (Draconian Fighter)        Turns: 2756, Time: 00:06:46

Health: -2/40      AC:  5    Str: 19    XL:     4   Next: 86%
Magic:  4/4        EV: 12    Int:  8    God:
Gold:   37         SH:  0    Dex: 11    Spells: 3/3 levels left

rFire    . . .     SeeInvis .   a - +0 long sword
rCold    . . .     Faith    .   (no shield)
rNeg     . . .     Spirit   .   (armour unavailable)
rPois    .         Reflect  .   (helmet restricted)
rElec    .         Harm     .   (no cloak)
rCorr    .         Rampage  .   (no gloves)
Will     .....                  (no boots)
Stlth    +.........             (no amulet)
HPRegen  0.13/turn              (no ring)
MPRegen  0.09/turn              (no ring)

@: brilliant, lethally poisoned (-2 -> -21)
A: AC +5, unfitting armour, cold-blooded
a: no special abilities


You were on level 3 of the Dungeon.
You visited 1 branch of the dungeon, and saw 3 of its levels.

You collected 37 gold pieces.

Inventory:

Hand Weapons
 a - a +0 long sword (weapon)
Armour
 b - a +0 kite shield
 j - a +0 buckler
Scrolls
 e - 3 scrolls of identify {unknown}
 h - a scroll of blinking {unknown}
 k - 3 scrolls of teleportation {unknown}
Potions
 c - a potion of might
 g - a potion of invisibility {unknown}
 i - a potion of attraction {unknown}
 l - a potion of heal wounds {unknown}


   Skills:
 + Level 4.2 Fighting
 + Level 3.5 Long Blades
 + Level 3.4 Dodging
 + Level 0.9 Stealth
 - Level 3.0 Shields


You had 3 spell levels left.
You didn't know any spells.
Your spell library contained the following spells:

 Spells                   Type           Power      Damage    Failure   Level
 Corona                   Hex            0%         N/A       41%         1
 Ensorcelled Hibernation  Hex/Ice        0%         N/A       54%         2
 Tukima's Dance           Hex            0%         N/A       78%         3


Dungeon Overview and Level Annotations

Branches:
Dungeon (3/15)

Altars:

Shops:
D:1 :


Innate Abilities, Weirdness & Mutations

Your plain brown scales are hard. (AC +5)
You cannot fit into any form of body armour.
You are cold-blooded and may be slowed by cold attacks.


Message History

You tail-slap the bat.
You kill the bat!
You see here a bat corpse.
Found a ring mail.
You see here a +0 ring mail.
An orc comes into view. It is wielding a +2 dagger of venom.
The orc shouts!
You see here a +0 chain mail.
An orc is nearby!
You hit the orc but do no damage. The orc hits you but does no damage.
You are poisoned.
You barely miss the orc.
You feel sick.
The orc hits you with a +2 dagger of venom.
You are more poisoned.
You closely miss the orc.
You feel very sick.
The orc hits you with a +2 dagger of venom.
You are more poisoned.
You hit the orc.
The orc is lightly wounded.
You feel very sick.
The orc hits you with a +2 dagger of venom.
You hit the orc.
You tail-slap the orc, but do no damage.
The orc is heavily wounded.
You feel very sick.
The orc hits you with a +2 dagger of venom.
You are lethally poisoned!
The orc hits you with a +2 dagger of venom.
You are more poisoned.
You hit the orc.
You kill the orc!
* * * LOW HITPOINT WARNING * * *
You feel extremely sick.
It was a potion of magic.
Magic courses through your body.
* * * LOW HITPOINT WARNING * * *
You feel very sick.
It was a potion of brilliance.
You feel clever all of a sudden.
You die...

.......#...#..........
.......###.#............
.......###..............
........................
.......##.##...........#
.....<....###.........#
.......#..####........#
†...<...........).....#
.......##..#.#..@.....#
#####...##........#.###
##.....##..÷...[# ..
#.......#.......# .
###...............######
..........###..........#
####.....## #..........#
##.....## #..........#
#.......# ############


There were no monsters in sight!

Vanquished Creatures
  A hound (D:3)
  A gnoll (D:2)
  4 adders
  A worm (D:2)
  2 dart slugs
  An orc (D:3)
  6 endoplasms (D:1)
  A giant cockroach (D:1)
  2 goblins (D:1)
  4 hobgoblins
  A quokka (D:2)
  5 ball pythons
  9 bats
  3 kobolds
  6 rats
47 creatures vanquished.

Notes
Turn   | Place    | Note
-------+----------+-------------------------------------------
     0 | D:1      | greenlake the Draconian Fighter began the quest for the
                  | Orb.
     0 | D:1      | Reached XP level 1. HP: 19/19 MP: 1/1
   346 | D:1      | Found Pidicsa's Book Boutique.
   516 | D:1      | Reached XP level 2. HP: 26/27 MP: 2/2
  1388 | D:2      | Reached XP level 3. HP: 26/33 MP: 3/3
  1458 | D:2      | Reached skill level 4 in Fighting
  1990 | D:2      | Reached XP level 4. HP: 40/40 MP: 4/4
  2755 | D:3      | HP: 2/40 [poisoned by an orc]
  2756 | D:3      | Succumbed to an orc's poison

Illustrated notes

Levels and vault maps discovered:
D:1:      dpeg_arrival_arbitrary_b, layout_loops_corners, serial_shops,
          nicolae_shop_trees, kennysheep_minor_cross, minmay_misc_feat_plants
D:2:      layout_basic
D:3:      layout_rooms

Skill      XL: |  1  2  3 |
---------------+----------+-----
Dodging        | 3 |  3.4
Fighting       | 4 |  4.2
Long Blades    | 3 |  3.5
Stealth        | |  0.9
Shields        | |  3.0

Action                   |  1- 3 |  4- 6 || total
-------------------------+-------+-------++-------
Melee: Long sword        |    78 |    40 ||   118
       Tailslap          |    16 |     9 ||    25
  Use: Potion            |       |     2 ||     2
 Stab: Sleeping          |     3 |       ||     3
Armor: Skin              |    37 |    19 ||    56
Dodge: Dodged            |    56 |    37 ||    93
       Rpst.: Long sword |    21 |    12 ||    33
